 Dungeon Crawl Stone Soup version 0.16-a0-1149-gbb07038 (webtiles) character file.

4662 Two the Arsonist (level 10, -16/50 HPs)
             Began as a Deep Elf Fire Elementalist on Oct 7, 2014.
             Was a Priest of Vehumet.
             Killed from afar by a troll (31 damage)
             ... with an exploding inner flame
             ... hexed by the player character
             ... on level 9 of the Dungeon.
             The game lasted 00:57:14 (9491 turns).

Two the Arsonist (Deep Elf Fire Elementalist)       Turns: 9491, Time: 00:57:15

Health: -16/50     AC:  9    Str:  5    XL:     10   Next: 20%
Magic:  22/39      EV: 13    Int: 30    God:    Vehumet [***...]
Gold:   139        SH:  0    Dex: 15    Spells: 7 memorised, 5 levels left

rFire  . . .     SeeInvis .     s - +3 great mace (protect)
rCold  . . .     Clarity  .     R - +1 robe {MR+}
rNeg   + . .     SustAb   .     (no shield)
rPois  .         Gourm    .     (no helmet)
rElec  .         Spirit   .     (no cloak)
rCorr  .         Warding  +     j - +0 pair of gloves
rMut   .         Stasis   .     (no boots)
MR     ++...                    r - amulet of warding
Stlth  ++........               l - ring of magical power
                                J - +6 ring of intelligence

@: very resistant to hostile enchantments, unstealthy
A: no striking features
a: Renounce Religion


You were on level 9 of the Dungeon.
You worshipped Vehumet.
Vehumet was most pleased with you.
You were hungry.

You visited 2 branches of the dungeon, and saw 10 of its levels.

You collected 455 gold pieces.
You spent 316 gold pieces at shops.

Inventory:

Hand weapons
 f - a -3 spear
 s - a +3 great mace of protection (weapon)
 C - a +0 blowgun
 Q - a cursed +1 short sword of flaming
 T - a +1 flail
Missiles
 t - 21 poisoned needles
 u - 2 tomahawks
 M - 2 throwing nets (quivered)
Armour
 a - a +0 robe
 h - a cursed -2 leather armour
 j - a +0 pair of gloves (worn)
 R - a +1 robe of magic resistance (worn)
Magical devices
 H - a wand of paralysis (11)
 W - a wand of polymorph (8)
Comestibles
 c - 10 bread rations
 d - 2 slices of pizza
 i - 2 royal jellies
 n - 6 meat rations
 K - 4 fruits
 N - 6 beef jerkies
 O - 2 chunks of hobgoblin flesh
 U - a chunk of gnoll flesh
 V - 7 chunks of gnoll flesh
Scrolls
 e - a scroll of enchant weapon
 q - 5 scrolls of identify
 y - 3 scrolls of teleportation {unknown}
 z - 5 scrolls of remove curse
 A - 4 scrolls of recharging {unknown}
 B - a scroll of magic mapping {unknown}
 D - 2 scrolls of enchant armour {unknown}
 E - a scroll of fog {unknown}
 F - a scroll of fear {unknown}
Jewellery
 g - an uncursed ring of positive energy
 l - a ring of magical power (right hand)
 r - an amulet of warding (around neck)
 J - a +6 ring of intelligence (left hand)
 L - an uncursed ring of protection from fire
Potions
 k - a potion of haste
 m - 4 potions of might
 o - 3 potions of cure mutation
 p - 3 potions of brilliance {unknown}
 v - a potion of resistance
 w - 5 potions of heal wounds
 x - 5 potions of curing
 I - 2 potions of mutation
 P - a potion of restore abilities {unknown}
Books
 b - a book of Flames

   Spells                             Type                      Level
   *Flame Tongue                      Conjuration/Fire             1
   *Throw Flame                       Conjuration/Fire             2
   *Conjure Flame                     Conjuration/Fire             3
   *Inner Flame                       Hexes/Fire                   3
   *Sticky Flame                      Conjuration/Fire             4
   *Fireball                          Conjuration/Fire             5
 G - a book of Alchemy

   Spells                             Type                      Level
   Sublimation of Blood               Necromancy                   2
   Alistair's Intoxication            Transmutation/Poison         4
   Condensation Shield                Ice                          4
   Petrify                            Transmutation/Earth          4
   Ignite Poison                      Fire/Transmutation           5
Miscellaneous
 S - a plain deck of summonings


   Skills:
 - Level 2.4 Dodging
 - Level 2.4 Stealth
 + Level 8.7 Spellcasting
 - Level 10.5 Conjurations
 - Level 11.0 Fire Magic


You had 5 spell levels left.
You knew the following spells:

 Your Spells              Type           Power        Failure   Level  Hunger
a - Flame Tongue          Conj/Fire      #####        1%          1    None
b - Throw Flame           Conj/Fire      ######       1%          2    None
c - Conjure Flame         Conj/Fire      ######..     1%          3    None
d - Sticky Flame          Conj/Fire      ######..     1%          4    None
e - Inner Flame           Hex/Fire       #####...     1%          3    None
f - Fireball              Conj/Fire      ######....   1%          5    ###....
g - Mephitic Cloud        Conj/Pois/Air  ####....     1%          3    None


Dungeon Overview and Level Annotations

Branches:
Dungeon (9/15)             Temple (1/1) D:5
    Orc: D:9-12        Lair: D:8-11

Altars:
Ashenzari
Cheibriados
Elyvilon
Fedhas
Gozag
Kikubaaqudgha
Makhleb
Nemelex Xobeh
Okawaru
Qazlal
Ru
Sif Muna
Trog
Vehumet
Xom
Yredelemnul
Zin
The Shining One
Lugonu

Shops:
D:4 !   D:8 =*!%   D:9 =

Annotations:
D:2 Sigmund


Message History

Casting: Throw Flame
Confirm with . or Enter, or press ? or * to list all spells.
Aiming: Throw Flame
Press: ? - help, Shift-Dir - straight line, f/p - troll
Aim: a troll (severely wounded, inner flame)
The puff of flame hits the troll.
The troll is severely wounded.
The troll bites you!
* * * LOW HITPOINT WARNING * * *
The troll claws you but does no damage. x2
Casting: Throw Flame
Confirm with . or Enter, or press ? or * to list all spells.
Aiming: Throw Flame
Press: ? - help, Shift-Dir - straight line, f/p - troll
Aim: a troll (severely wounded, inner flame)
The puff of flame hits the troll.
The troll explodes!
The fiery explosion engulfs you!
Ouch! That really hurt!
You die...

##############
#############............#
.........##§@..<.........#
.........##§#............+
##
.........§.§#............#
..
...<....####............#
.>......# #............#
........# ######'#######
.......# #...### .....##
###...# .... ###.#


There were no monsters in sight!

Vanquished Creatures
  The ghost of Kramin the Changer, an average DrTm (D:4)
  A wyvern (D:9)
  A hippogriff (D:7)
  A water moccasin (D:6)
  3 sky beasts
  2 ice beasts
  A phantom (D:4)
  5 ogres
  A crocodile (D:8)
  3 centaurs (D:5)
  2 necrophages
  4 giant frogs
  2 gnoll sergeants
  A yak zombie (D:8)
  5 killer bees (D:8)
  2 scorpions
  3 jellies
  4 wights (D:8)
  2 crimson imps (D:5)
  2 goliath beetles
  A centaur zombie (D:5)
  4 electric eels (D:9)
  6 orc priests
  A gnoll shaman (D:8)
  4 iguanas
  4 worker ants
  5 hounds
  10 orc wizards
  A killer bee zombie (D:5)
  Ijyb (D:5)
  23 gnolls
  3 adders
  2 orc skeletons
  2 worms
  2 giant mites
  An iguana zombie (D:5)
  An adder skeleton (D:7)
  An iguana skeleton (D:8)
  2 giant geckos
  An ooze (D:5)
  28 orcs
  16 bats
  6 giant cockroaches
  12 hobgoblins
  8 jackals
  2 ball pythons
  3 giant newts
  3 giant spores
  11 goblins
  18 kobolds
  An orc zombie (D:7)
  4 quokkas
  18 rats
  A rat skeleton (D:5)
  6 ballistomycetes
258 creatures vanquished.

Vanquished Creatures (others)
  A wizard (D:3)
  A gnoll (D:9)
2 creatures vanquished.

Grand Total: 260 creatures vanquished

Notes
Turn   | Place    | Note
--------------------------------------------------------------
     0 | D:1      | Two, the Deep Elf Fire Elementalist, began the quest for the Orb.
     0 | D:1      | Reached XP level 1. HP: 10/10 MP: 5/5
   376 | D:1      | Reached XP level 2. HP: 15/15 MP: 4/8
   865 | D:2      | Reached XP level 3. HP: 19/19 MP: 5/10
   869 | D:2      | Learned a level 2 spell: Throw Flame
   873 | D:2      | Learned a level 3 spell: Conjure Flame
  1151 | D:2      | Found a stormy altar of Qazlal.
  1264 | D:2      | Reached skill level 4 in Fire Magic
  1321 | D:2      | Reached XP level 4. HP: 17/24 MP: 13/13
  1623 | D:2      | Noticed Sigmund
  1762 | D:3      | Reached skill level 5 in Fire Magic
  1974 | D:3      | Reached XP level 5. HP: 19/28 MP: 16/16
  2065 | D:3      | Found an opulent altar of Gozag.
  2115 | D:3      | Found a deep blue altar of Sif Muna.
  2235 | D:3      | Reached skill level 6 in Fire Magic
  2412 | D:3      | Found a bloodstained altar of Trog.
  2412 | D:3      | Noticed a wizard
  2418 | D:3      | Killed a wizard
  2897 | D:4      | Reached XP level 6. HP: 25/32 MP: 18/18
  2943 | D:4      | Learned a level 4 spell: Sticky Flame
  3074 | D:4      | Noticed Kramin's ghost (average DrTm)
  3088 | D:4      | Killed Kramin's ghost
  3088 | D:4      | Reached XP level 7. HP: 30/36 MP: 19/20
  3114 | D:4      | Found Futhroir's Distillery.
  3125 | D:4      | Noticed a phantom
  3144 | D:4      | Killed a phantom
  3157 | D:4      | Bought 2 potions of heal wounds for 72 gold pieces
  3157 | D:4      | Bought a potion of curing for 24 gold pieces
  3200 | D:4      | Reached skill level 7 in Conjurations
  3747 | D:5      | Entered Level 5 of the Dungeon
  3747 | D:5      | Found a staircase to the Ecumenical Temple.
  3752 | Temple   | Entered the Ecumenical Temple
  3820 | D:5      | Reached skill level 8 in Conjurations
  4065 | D:5      | Noticed Ijyb
  4075 | D:5      | Killed Ijyb
  4120 | D:5      | Reached XP level 8. HP: 41/41 MP: 21/21
  4309 | D:5      | Learned a level 3 spell: Inner Flame
  4599 | D:5      | Reached skill level 9 in Fire Magic
  4834 | D:5      | Found a burning altar of Makhleb.
  4835 | D:5      | Found an ancient bone altar of Kikubaaqudgha.
  4836 | D:5      | Found a radiant altar of Vehumet.
  4841 | D:5      | Found a blossoming altar of Fedhas.
  4852 | D:5      | Became a worshipper of Vehumet
  4925 | D:5      | Reached skill level 10 in Fire Magic
  5201 | D:5      | Reached XP level 9. HP: 43/45 MP: 14/22
  5700 | D:2      | Acquired Vehumet's first power
  5700 | D:2      | Offered knowledge of Sting by Vehumet.
  5906 | D:6      | Reached skill level 11 in Fire Magic
  6424 | D:6      | Found a snail-covered altar of Cheibriados.
  6717 | D:7      | Reached skill level 5 in Spellcasting
  6816 | D:7      | Found a sacrificial altar of Ru.
  7147 | D:7      | Learned a level 5 spell: Fireball
  7652 | D:8      | Found Phaatererph's Food Emporium.
  7779 | D:8      | Found Vyqecw's Distillery.
  7786 | D:8      | Bought a potion of heal wounds for 33 gold pieces
  7786 | D:8      | Bought 2 potions of curing for 44 gold pieces
  7786 | D:8      | Bought a potion of haste for 77 gold pieces
  7786 | D:8      | Bought a potion of heal wounds for 33 gold pieces
  7786 | D:8      | Bought a potion of heal wounds for 33 gold pieces
  7842 | D:8      | HP: 1/45 [iguana (9)]
  7927 | D:8      | Offered knowledge of Freeze by Vehumet.
  8093 | D:8      | Reached skill level 10 in Conjurations
  8271 | D:8      | Found Wustoox's Assorted Antiques.
  8428 | D:8      | Found Gamucanau's Jewellery Boutique.
  8487 | D:8      | Offered knowledge of Mephitic Cloud by Vehumet.
  8669 | D:8      | Reached XP level 10. HP: 50/50 MP: 21/28
  8931 | D:9      | Acquired Vehumet's second power
  8971 | D:9      | Found a sparkling altar of Nemelex Xobeh.
  9172 | D:9      | Learned a level 3 spell: Mephitic Cloud
  9193 | D:9      | Found Ydasaj's Jewellery Shoppe.
  9491 | D:9      | Killed from afar by a troll

Action                   |  1- 3 |  4- 6 |  7- 9 | 10-12 || total
-------------------------+-------+-------+-------+-------++-------
Melee: Spear             |     6 |       |       |       ||     6
       Great mace        |       |    45 |   139 |    16 ||   200
Throw: Throwing net      |       |       |     3 |       ||     3
 Cast: Flame Tongue      |    46 |    67 |   253 |    17 ||   383
       Throw Flame       |     8 |    12 |    98 |    32 ||   150
       Conjure Flame     |     2 |     7 |    25 |     3 ||    37
       Sticky Flame      |       |       |    20 |     5 ||    25
       Inner Flame       |       |       |     4 |     6 ||    10
       Fireball          |       |       |     3 |     3 ||     6
  Use: Scroll            |     1 |     4 |     6 |       ||    11
       Potion            |       |     1 |     1 |       ||     2
 Stab: Distracted        |       |       |     1 |       ||     1
       Sleeping          |       |       |       |     1 ||     1
  Eat: Chunk             |     1 |     7 |    22 |     3 ||    33
       Fruit             |       |       |     1 |       ||     1
